 Dungeon Crawl Stone Soup version 0.23.0-3-gf3c87f2 (webtiles) character file.

Game seed: 13756913981565689336

121 Azzok the Vexing (level 5, 0/31 HPs)
             Began as an Octopode Enchanter on Feb 22, 2019.
             Slain by an orc (2 damage)
             ... on level 3 of the Dungeon.
             The game lasted 00:04:24 (2658 turns).

Azzok the Vexing (Octopode Enchanter)               Turns: 2658, Time: 00:04:25

Health: 0/31       AC:  1    Str:  7    XL:     5   Next: 5%
Magic:  2/8        EV: 13    Int: 19    God:
Gold:   109        SH:  0    Dex: 12    Spells: 2/8 levels left

rFire    . . .     SeeInvis .   a - +1 dagger
rCold    . . .     Gourm    .   (no shield)
rNeg     . . .     Faith    .   (helmet restricted)
rPois    .         Spirit   .   (no amulet)
rElec    .         Reflect  .   e - ring of stealth
rCorr    .         Harm     .   (no ring)
MR       .....                  (no ring)
Stlth    ++++......             (no ring)
HPRegen  0.10/turn              (no ring)
MPRegen  0.11/turn              (no ring)
                                (no ring)
                                (no ring)

@: no status effects
A: almost no armour, stealthy swim, amphibious, 8 rings, constrict 8, camouflage
1, gelatinous body 1
a: no special abilities


You were on level 3 of the Dungeon.
You were not hungry.

You visited 1 branch of the dungeon, and saw 3 of its levels.

You collected 109 gold pieces.

Inventory:

Hand Weapons
 a - a +1 dagger (weapon)
Jewellery
 e - a ring of stealth (left tentacle)
Scrolls
 b - a scroll of identify
 f - a scroll of remove curse
 g - 3 scrolls of amnesia {unknown}
 i - a scroll of magic mapping {unknown}
 j - 3 scrolls of teleportation {unknown}
Potions
 d - a potion of flight
 h - a potion of agility {unknown}
Comestibles
 c - 2 rations
 k - 6 chunks of flesh


   Skills:
 + Level 3.3 Short Blades
 - Level 2.0 Dodging
 - Level 4.0 Stealth
 - Level 2.0 Spellcasting
 + Level 4.4 Hexes


You had 2 spell levels left.
You knew the following spells:

 Your Spells              Type           Power        Failure   Level  Hunger
a - Corona                Hex            ###....      2%          1    #......
b - Ensorcelled Hibernat  Hex/Ice        ##....       11%         2    ###....
c - Confuse               Hex            ###.....     9%          3    ###....

Your spell library contained the following spells:

 Spells                   Type           Power        Failure   Level  Hunger
 Confusing Touch          Hex            ###...       2%          1    #......
 Tukima's Dance           Hex            ###.....     9%          3    ###....
 Dazzling Spray           Conj/Hex       ##....       21%         3    ###....
 Gell's Gravitas          Tloc           #.........   45%         3    ###....
 Petrify                  Tmut/Erth      #.......     86%         4    #####..
 Metabolic Englaciation   Hex/Ice        ##........   88%         5    ######.
 Yara's Violent Unravell  Hex/Tmut       ##........   88%         5    ######.


Dungeon Overview and Level Annotations

Branches:
Dungeon (3/15)

Altars:


Innate Abilities, Weirdness & Mutations

You cannot wear most types of armour.
You are very stealthy in the water. (Stealth+)
You are amphibious.
You can wear up to eight rings at the same time.
You can use your tentacles to constrict eight enemies at once.
Your skin changes colour to match your surroundings (Stealth+).
Your rubbery body absorbs attacks. (AC +1, EV +1)


Message History

The orc is unaffected.
You hit the orc but do no damage. You grab the orc. You constrict the orc.
The orc hits you. Something hits you.
* * * LOW HITPOINT WARNING * * *
You hit the orc but do no damage.
The orc is lightly wounded.
You constrict the orc, but do no damage.
The orc misses you. Something hits you.
* * * LOW HITPOINT WARNING * * *
You hit the orc.
The orc is heavily wounded.
You constrict the orc, but do no damage.
Something hits you but does no damage. The orc barely misses you.
You hit the orc but do no damage.
The orc is heavily wounded.
You constrict the orc, but do no damage.
Something hits you.
* * * LOW HITPOINT WARNING * * *
The orc hits you.
You die...

······
▒··········▒··
······
▒▒·▒▒▒▒·▒·▒▒·▒
·▒▒▒▒▒ ▒·▒
▒·▒··▒·▒ ▒·▒
▒····▒·▒
▒······▒··▒·▒
▒▒·▒▒▒·▒··▒·▒
▒ · ▒·▒·(··▒
··· ▒·▒(▒▒▒▒
▒▒··▒·▒@▒
▒···o··o▒
▒·▒···▒▒▒ ▒▒··
···· ▒▒▒·· ▒▒>
▒▒


You could see an orc priest and an orc.

Vanquished Creatures
  4 adders
  An ooze (D:3)
  A worm (D:2)
  2 dart slugs (D:1)
  2 leopard geckos
  An orc (D:3)
  2 ball pythons (D:2)
  3 giant cockroaches
  9 goblins
  9 hobgoblins
  7 jackals (D:2)
  11 bats
  2 frilled lizards
  5 kobolds
  10 rats
69 creatures vanquished.

Notes
Turn   | Place    | Note
-------+----------+-------------------------------------------
     0 | D:1      | Azzok the Octopode Enchanter began the quest for the Orb.
     0 | D:1      | Reached XP level 1. HP: 11/11 MP: 3/3
   172 | D:1      | Reached XP level 2. HP: 17/17 MP: 5/5
   258 | D:1      | Learned a level 2 spell: Ensorcelled Hibernation
   496 | D:1      | Reached XP level 3. HP: 21/21 MP: 6/6
   501 | D:1      | Learned a level 3 spell: Confuse
  1275 | D:2      | Reached XP level 4. HP: 14/27 MP: 4/7
  2631 | D:3      | Reached XP level 5. HP: 31/31 MP: 8/8
  2658 | D:3      | Slain by an orc

Skill      XL: |  1  2  3  4 |
---------------+-------------+-----
Short Blades   | 2 3 |  3.3
Hexes          | 4 |  4.4
Dodging        | |  2.0
Stealth        | |  4.0
Spellcasting   | |  2.0

Action                   |  1- 3 |  4- 6 || total
-------------------------+-------+-------++-------
Melee: Dagger            |    92 |    63 ||   155
       Constrict         |    22 |    11 ||    33
       Tentacles         |    11 |     7 ||    18
 Cast: Ensorcelled Hiber |     1 |    12 ||    13
  Use: Scroll            |       |     2 ||     2
 Stab: Sleeping          |    18 |    11 ||    29
       Distracted        |       |     2 ||     2
  Eat: Chunk             |     1 |     2 ||     3
       Ration            |       |     1 ||     1
Armor: Skin              |     7 |     2 ||     9
Dodge: Dodged            |    44 |    30 ||    74
